 Dungeon Crawl Stone Soup version 0.29.1-1-gd02db6906a (webtiles) character file.

Game seed: 219002493679420759

878 Ashen the Firebug (level 7, -7/51 HPs)
             Began as a Demonspawn Fire Elementalist on Oct 11, 2022.
             Mangled by a gnoll sergeant
             ... wielding a +0 spear
              (8 damage)
             ... on level 5 of the Dungeon.
             The game lasted 00:12:36 (5787 turns).

Ashen the Firebug (Demonspawn Fire Elementalist)    Turns: 5787, Time: 00:12:38

Health: -7/51      AC:  5    Str:  8    XL:     7   Next: 75%
Magic:  0/12       EV: 17    Int: 18    God:
Gold:   76         SH:  0    Dex: 14    Spells: 6/13 levels left

rFire   . . .      SeeInvis .   x - +0 trident (freeze)
rCold   . . .      Faith    .   (no shield)
rNeg    . . .      Spirit   .   a - +0 robe
rPois   .          Reflect  .   (helmet restricted)
rElec   .          Harm     .   l - +0 cloak
rCorr   .          Rampage  .   (no gloves)
Will    .....                   (no boots)
Stlth   ++........              (no amulet)
HPRegen 0.17/turn               A - +4 ring of evasion
MPRegen 0.13/turn               (no ring)

@: very slightly contaminated
A: antennae 1, slimy green scales 1, demonic magic 1
a: no special abilities


You were on level 5 of the Dungeon.
You visited 1 branch of the dungeon, and saw 5 of its levels.

You collected 216 gold pieces.
You spent 140 gold pieces at shops.

Inventory:

Hand Weapons
 c - a +0 long sword
 x - a +0 trident of freezing (weapon)
Missiles
 B - a throwing net
Armour
 a - a +0 robe (worn)
 l - a +0 cloak (worn)
Magical Staves
 r - a staff of air
Jewellery
 k - the amulet of Xom's Fair Game {Spirit +Inv rElec rN+}
   (You found it on level 2 of the Dungeon)

   [amulet of guardian spirit]

   It causes incoming damage to be divided between your reserves of health and
   magic.
   rElec:     It insulates you from electricity.
   rN:        It protects you from negative energy.
   +Inv:      It lets you turn invisible.
 A - a +4 ring of evasion (left hand)
Wands
 t - a wand of charming (3)
 y - a wand of roots (3)
Scrolls
 d - 5 scrolls of identify {unknown}
 f - a scroll of summoning {unknown}
 h - 3 scrolls of fear {unknown}
 m - 3 scrolls of amnesia {unknown}
 q - a scroll of immolation {unknown}
 w - a scroll of enchant weapon {unknown}
 z - 2 scrolls of teleportation {unknown}
Potions
 b - a potion of magic
 e - 2 potions of brilliance
 g - 2 potions of might
 i - 2 potions of mutation {unknown}
 j - a potion of invisibility {unknown}
 n - a potion of heal wounds {unknown}
 o - 2 potions of resistance {unknown}
 p - 2 potions of attraction {unknown}
 s - 3 potions of curing
 u - 2 potions of flight {unknown}
 v - a potion of lignification


   Skills:
 + Level 2.9 Fighting
 + Level 3.5 Dodging
 + Level 3.8 Stealth
 * Level 3.9 Spellcasting
 * Level 3.7 Conjurations
 * Level 4.3 Fire Magic


You had 6 spell levels left.
You knew the following spells:

 Your Spells              Type           Power      Damage    Failure   Level
a - Foxfire               Conj/Fire      72%        2x1d7     2%          1
b - Scorch                Fire           38%        2d6       3%          2
c - Flame Wave            Conj/Fire      18%        2d7       28%         4

Your spell library contained the following spells:

 Spells                   Type           Power      Damage    Failure   Level
 Magic Dart               Conj           68%        1d6       3%          1
 Conjure Flame            Conj/Fire      18%        6-21      9%          3
 Static Discharge         Conj/Air       10%        3-5/arc   11%         2
 Apportation              Tloc           6%         N/A       16%         1
 Necrotise                Necr           12%        1d4       16%         1
 Summon Small Mammal      Summ           12%        N/A       16%         1
 Inner Flame              Hex/Fire       11%        N/A       19%         3
 Call Imp                 Summ           3%         N/A       22%         2
 Sublimation of Blood     Necr           3%         N/A       22%         2
 Wereblood                Tmut           3%         N/A       22%         2
 Mephitic Cloud           Conj/Pois/Air  8%         N/A       26%         3
 Lightning Bolt           Conj/Air       5%         1d17      88%         5
 Summon Hydra             Summ           1%         N/A       100%        7
 Maxwell's Capacitive Co  Air            1%         ∞         100%        8


Dungeon Overview and Level Annotations

Branches:
Dungeon (5/15)
 Temple: D:4-7

Altars:
Dithmenos
Xom
Yredelemnul

Shops:
D:2 [   D:4 !


Innate Abilities, Weirdness & Mutations

You have a pair of small antennae on your head.
You are partially covered in slimy green scales. (AC +2)
Spells you cast may paralyse adjacent enemies.


Message History

The gnoll is almost dead.
The gnoll closely misses you.
The gnoll sergeant hits you with a +0 spear!
A wave of flame ripples out!
The flame wave engulfs the gnoll sergeant.
The gnoll sergeant is heavily wounded.
The flame wave engulfs the gnoll.
You kill the gnoll!
You finish channelling waves of flame.
The gnoll sergeant hits you with a +0 spear.
The gnoll sergeant hits you with a +0 spear!
* * * LOW HITPOINT WARNING * * *
You feel better. The gnoll sergeant barely misses you.
Casting: Flame Wave (quite dangerous; 28% risk of failure)
Confirm with . or Enter, or press ? or * to list all spells.
You miscast Foxfire.
Nothing appears to happen.
The gnoll sergeant hits you but does no damage.
Casting: Foxfire (safe; 2% risk of failure)
Confirm with . or Enter, or press ? or * to list all spells.
You conjure some foxfire!
Malevolent energies surge around you.
The gnoll sergeant hits you with a +0 spear.
Casting: Foxfire (safe; 2% risk of failure)
Confirm with . or Enter, or press ? or * to list all spells.
You conjure some foxfire!
Malevolent energies surge around you.
The gnoll sergeant hits you with a +0 spear.
* * * LOW HITPOINT WARNING * * *
Unknown command.
The gnoll sergeant attacks as you move away!
The gnoll sergeant hits you with a +0 spear!
* * * LOW HITPOINT WARNING * * *
The foxfire hits the gnoll sergeant.
The gnoll sergeant is heavily wounded.
The foxfire hits the gnoll sergeant.
The gnoll sergeant is severely wounded.
The foxfire hits the gnoll sergeant.
The gnoll sergeant is almost dead.
The foxfire hits the gnoll sergeant but does no damage.
The gnoll sergeant is almost dead.
The gnoll sergeant hits you from afar with a +0 spear!
You die...

P....P# #...##......###
PP###.###....####.....#
P...†.P♣##...###..###.###
P.....P♣####.#.....##)..##
.......##..........####..####
...§...♣#.....#.).## ##....##
......~♣#..#..#)g.# ####..##
P.†÷..#♣#..##)§.).# ##..# #P.÷.P#
#..##.§§@.# ##.# ♣P.).#♣
#.........## #.##
###.#####..........# #..##
....##............## ##..#
#.)###.#...############### ##.#
#)###..##..#.##.##.#.#.#.######.#
#.[##..##..#...#..#.##..#.....#.#
...#.......#..##..##.#.##.#..##.#
##.........#..##...##..#.#...##.#


You could see a gnoll sergeant.

Vanquished Creatures
  Pargi (D:3)
  An ogre (D:5)
  A centaur (D:5)
  A phantom (D:5)
  A kobold brigand (D:5)
  2 scorpions (D:4)
  3 orc priests
  A hound (D:5)
  An orc wizard (D:4)
  7 adders
  3 gnolls (D:5)
  A white imp (D:5)
  3 worms
  A dart slug (D:4)
  14 orcs
  13 ball pythons
  5 endoplasms
  4 giant cockroaches
  4 goblins
  6 hobgoblins
  4 jackals (D:2)
  4 quokkas
  8 bats
  5 frilled lizards
  8 kobolds
  11 rats
113 creatures vanquished.

Vanquished Creatures (others)
  212 foxfires
  8 plants (D:5)
220 creatures vanquished.

Grand Total: 333 creatures vanquished

Notes
Turn   | Place    | Note
-------+----------+-------------------------------------------
     0 | D:1      | Ashen the Demonspawn Fire Elementalist began the quest for
                  | the Orb.
     0 | D:1      | Reached XP level 1. HP: 13/13 MP: 3/3
   452 | D:1      | Gained mutation: Spells you cast may paralyse adjacent
                  | enemies. [demonic ancestry]
   452 | D:1      | Reached XP level 2. HP: 20/20 MP: 3/5
  1026 | D:2      | Found Biraa's Armour Emporium.
  1029 | D:2      | Identified the +0 leather armour of Filth {Contam Harm
                  | Regen+ MP-9 Str+8}
  1131 | D:2      | Identified the amulet of Xom's Fair Game {Spirit +Inv rElec
                  | rN+}
  1507 | D:2      | Found a shimmering altar of Xom.
  1517 | D:2      | Reached XP level 3. HP: 25/25 MP: 1/6
  1573 | D:2      | Reached skill level 1 in Fighting
  1642 | D:2      | Found a faded altar of an unknown god.
  1773 | D:2      | Reached skill level 3 in Fire Magic
  1926 | D:2      | Learned a level 2 spell: Scorch
  2199 | D:3      | Found a shadowy altar of Dithmenos.
  2203 | D:3      | Gained mutation: You have a pair of small antennae on your
                  | head. [demonic ancestry]
  2203 | D:3      | Reached XP level 4. HP: 32/32 MP: 4/7
  2734 | D:3      | Noticed Pargi
  2741 | D:3      | Killed Pargi
  2742 | D:3      | Reached XP level 5. HP: 28/38 MP: 0/9
  3586 | D:4      | Gained mutation: You are partially covered in slimy green
                  | scales. (AC +2) [demonic ancestry]
  3586 | D:4      | Reached XP level 6. HP: 11/44 MP: 3/10
  4300 | D:4      | Found Vezus's Distillery.
  4340 | D:4      | Bought a potion of brilliance for 56 gold pieces
  4340 | D:4      | Bought a potion of lignification for 42 gold pieces
  4340 | D:4      | Bought a potion of curing for 42 gold pieces
  4691 | D:4      | Learned a level 4 spell: Flame Wave
  4930 | D:4      | Found a basalt altar of Yredelemnul.
  5058 | D:5      | Entered Level 5 of the Dungeon
  5212 | D:5      | Identified the +6 shortbow of Haunted Gallantry {venom,
                  | Str+2 Int+3 Dex-5}
  5297 | D:5      | Reached XP level 7. HP: 47/51 MP: 6/12
  5399 | D:5      | Reached skill level 4 in Fire Magic
  5787 | D:5      | HP: 1/51 [gnoll sergeant/+0 spear (9)]
  5787 | D:5      | Mangled by a gnoll sergeant

Illustrated notes

Levels and vault maps discovered:
D:1:      psy_arrival_dodecagon, layout_loops_cross, wad_floor_pattern_untrapped
D:2:      minmay_inner_zag, layout_rooms, serial_shops, shop,
          ebering_ecumenical_altar_box, basic_altar, roderic_cross_of_infinity,
          minmay_strange_pillars
D:3:      layout_basic, grunt_dithmenos_smoke, minmay_quadrilaterals, uniq_pargi
D:4:      layout_layer_cave, nicolae_overflow_crystal_walls, serial_shops,
          nicolae_stop_n_shop_2
D:5:      layout_cave_pools, old_standard_altar, minmay_misc_feat_rugged,
          lexackson_kobold_supper

Skill      XL: |  1  2  3  4  5  6  7 |
---------------+----------------------+-----
Dodging        | 2 3 |  3.5
Stealth        | 2 3 |  3.8
Fighting       | 1 2 |  2.9
Fire Magic     | 3 4 |  4.3
Conjurations   | 2 3 |  3.7
Spellcasting   | 3 |  3.9

Action                   |  1- 3 |  4- 6 |  7- 9 || total
-------------------------+-------+-------+-------++-------
Melee: Long sword        |    72 |    35 |       ||   107
       Punch             |     1 |     1 |       ||     2
       Trident           |       |    51 |    44 ||    95
 Cast: Foxfire           |    57 |    52 |    17 ||   126
       Scorch            |       |     4 |     1 ||     5
       Flame Wave        |       |       |     1 ||     1
Evoke: Wand              |       |       |     1 ||     1
  Use: Potion            |       |     2 |     1 ||     3
 Stab: Sleeping          |     4 |     2 |       ||     6
       Paralysed         |    11 |     8 |     2 ||    21
Armor: Robe              |    24 |    25 |    10 ||    59
Dodge: Dodged            |    52 |    61 |    38 ||   151
